 Seeded DCSS version 0.30.0-5-g1a98f26d00 (webtiles) character file.

Game seed: 2 (custom seed)

1570 Kazon the Conjurer (level 8, 0/62 HPs)
             Began as a Green Draconian Conjurer on May 9, 2023.
             Was a Believer of Okawaru.
             Killed from afar by a white imp (8 damage)
             ... with a puff of frost
             ... on level 6 of the Dungeon.
             The game lasted 00:35:10 (5101 turns).

Kazon the Conjurer (Green Draconian Conjurer)       Turns: 5101, Time: 00:35:11

Health: 0/62       AC:  9    Str: 12    XL:     8   Next: 59%
Magic:  13/13      EV: 12    Int: 19    God:    Okawaru [**....]
Gold:   138        SH:  0    Dex:  9    Spells: 7/13 levels left

rFire   . . .        q - +3 flail (venom)
rCold   . . .        (no shield)
rNeg    . . .        (body armour unavailable)
rPois   +            x - +2 hat
rElec   .            (no cloak)
rCorr   .            (no gloves)
SInv    .            t - +0 pair of boots
Will    .....        (no amulet)
Stlth   ++           y - ring of flight
HPRegen 0.30/turn    (no ring)
MPRegen 0.13/turn

%: no passive effects
@: short of breath, flying
A: breathe noxious fumes, AC +6, unfitting armour, poison resistance,
cold-blooded
a: Breathe Noxious Fumes, Renounce Religion, Heroism


You were on level 6 of the Dungeon.
You worshipped Okawaru.
Okawaru was pleased with you.
You visited 2 branches of the dungeon, and saw 7 of its levels.

You collected 333 gold pieces.
You spent 195 gold pieces at shops.

Inventory:

Hand Weapons
 e - a +1 dagger of electrocution
 q - a +3 flail of venom (weapon)
Missiles
 g - 3 stones (quivered)
 i - 26 poisoned darts
 F - 2 boomerangs
Armour
 t - a +0 pair of boots (worn)
 x - a +2 hat (worn)
Jewellery
 y - a ring of flight (left hand)
Wands
 p - a wand of flame (68)
 A - a wand of digging (5)
Scrolls
 f - 3 scrolls of magic mapping {unknown}
 h - a scroll of acquirement {unknown}
 j - 3 scrolls of fear
 k - 5 scrolls of identify
 r - 2 scrolls of teleportation
 u - a scroll of fog {unknown}
 B - a scroll of blinking {unknown}
 C - 2 scrolls of enchant weapon {unknown}
 D - a scroll of poison
 E - a scroll of enchant armour {unknown}
Potions
 a - 2 potions of magic
 b - a potion of lignification {unknown}
 c - 2 potions of flight {unknown}
 d - 2 potions of might {unknown}
 l - a potion of attraction {unknown}
 m - 2 potions of heal wounds {unknown}
 n - a potion of cancellation {unknown}
 o - a potion of resistance {unknown}
 s - a potion of curing
 v - 2 potions of ambrosia {unknown}
 w - 2 potions of degeneration {unknown}
 z - a potion of invisibility {unknown}


   Skills:
 + Level 2.9 Fighting
 + Level 2.7 Short Blades
 + Level 2.6 Maces & Flails
 + Level 3.6 Throwing
 + Level 3.7 Dodging
 + Level 3.3 Stealth
 + Level 3.4 Spellcasting
 + Level 5.6 Conjurations
 + Level 0.9 Earth Magic
 * Level 2.9 Invocations
 * Level 3.4 Evocations


You had 7 spell levels left.
You knew the following spells:

 Your Spells              Type           Power      Damage    Failure   Level
a - Magic Dart            Conj           96%        1d7       1%          1
b - Searing Ray           Conj           48%        2d6       2%          2
c - Stone Arrow           Conj/Erth      30%        3d8       12%         3

Your spell library contained the following spells:

 Spells                   Type           Power      Damage    Failure   Level
 Static Discharge         Conj/Air       26%        2-4/arc   7%          2
 Sting                    Tmut/Pois      12%        1d3       14%         1
 Dazzling Flash           Conj/Hex       26%        N/A       14%         3
 Lesser Beckoning         Tloc           6%         N/A       22%         2
 Gell's Gravitas          Tloc           3%         N/A       41%         3
 Teleport Other           Tloc           3%         N/A       41%         3
 Fulminant Prism          Conj/Hex       6%         3d7       43%         4
 Iskenderun's Mystic Bla  Conj/Tloc      13%        2d5       43%         4
 Airstrike                Air            1%         2d(1-17)  82%         4
 Lehudib's Crystal Spear  Conj/Erth      7%         10d3      100%        8
 Animate Armour           Summ/Erth      Unusable   N/A       N/A         4
 Summon Lightning Spire   Summ/Air       Unusable   N/A       N/A         4

Dungeon Overview and Level Annotations

Branches:
Dungeon (6/15)             Temple (1/1) D:5

Altars:
Ashenzari
Cheibriados
Dithmenos
Elyvilon
Fedhas
Gozag
Hepliaklqana
Makhleb
Nemelex Xobeh
Okawaru
Qazlal
Ru
Sif Muna
Trog
Uskayaw
Vehumet
Wu Jian
Xom
Yredelemnul
Zin
The Shining One

Shops:
D:4 :   D:5 ?

Annotations:
D:3 1 runed translucent door, Crazy Yiuf


Innate Abilities, Weirdness & Mutations

You can breathe blasts of noxious fumes.
Your lurid green scales are hard. (AC +6)
You cannot fit into any form of body armour.
Your system is resistant to poisons. (rPois)
You are cold-blooded and may be slowed by cold attacks.


Message History

Okawaru accepts your kill. The white imp barely misses you.
You barely miss the white imp. The white imp gestures at you.
The puff of frost hits you.
You hit the white imp but do no damage.
You tail-slap the white imp, but do no damage.
The white imp lashes its tail.
The white imp gestures at you. The puff of frost hits you!
The white imp spits at you.
The white imp hits you but does no damage.
You barely miss the white imp.
You tail-slap the white imp, but do no damage.
Your punch misses the white imp. The white imp hits you.
The white imp freezes you.
You barely miss the white imp. The white imp hits you.
The white imp freezes you.
* * * LOW HITPOINT WARNING * * *
Aiming: Breathe Noxious Fumes (4% risk of failure)
Press: ? - help, Shift-Dir - straight line, f - you You exhale a blast of noxious fumes.
The blast of choking fumes hits you.
* * * LOW HITPOINT WARNING * * *
The white imp hits you but does no damage.
Unknown command.
Unknown command.
Unknown command.
You hit the white imp.
The white imp is poisoned.
The white imp is heavily wounded.
The white imp gestures at you. The puff of frost hits you.
* * * LOW HITPOINT WARNING * * *
You barely miss the white imp.
The white imp is heavily wounded.
The white imp barely misses you. x2
You closely miss the white imp.
The white imp is severely wounded.
The white imp gestures at you. The puff of frost hits you!
You die...

.........<†..# ......
..........>..##......
....##.#..[..........
# ...#............5
....................
#...###..........###
..... #..........#
.#....####.5..#####
..........@..#
.##~≈..[..#
#≈≈##~...# ≈≈≈#
≈#...# ≈≈≈ ≈≈##.## ≈#
≈≈# ~.# ≈≈≈ #.# #≈≈#
.#


You could see a white imp (very poisoned).

Vanquished Creatures
  Maggie (D:6)
  Edmund (D:5)
  An ogre (D:4)
  A phantom (D:5)
  A gnoll sergeant (D:5)
  2 scorpions
  A howler monkey (D:5)
  5 hounds
  2 jellies
  A gnoll bouda (D:4)
  Jessica (D:3)
  Natasha (thrice) (D:2)
  3 iguanas
  3 orc wizards
  Robin (D:3)
  9 gnolls
  10 adders
  A white imp (D:6)
  2 worms
  5 dart slugs
  11 orcs
  6 ball pythons
  6 endoplasms
  5 giant cockroaches
  12 goblins
  8 hobgoblins
  9 kobolds
  5 quokkas
  5 bats
  3 frilled lizards
  4 rats
128 creatures vanquished.

Notes
Turn   | Place    | Note
-------+----------+-------------------------------------------
     0 | D:1      | Kazon the Draconian Conjurer began the quest for the Orb.
     0 | D:1      | Reached XP level 1. HP: 14/14 MP: 3/3
   299 | D:1      | Reached XP level 2. HP: 14/20 MP: 5/5
   359 | D:1      | Found a faded altar of an unknown god.
   376 | D:1      | Got Plato's Compilation of Poisoning
   508 | D:1      | Learned a level 2 spell: Searing Ray
   797 | D:1      | Reached XP level 3. HP: 25/26 MP: 2/6
  1272 | D:1      | Found a bloodstained altar of Trog.
  1308 | D:2      | Noticed Natasha
  1361 | D:2      | Killed Natasha
  1617 | D:2      | Noticed Natasha
  1620 | D:2      | Killed Natasha
  1621 | D:2      | Reached skill level 5 in Conjurations
  1621 | D:2      | Reached XP level 4. HP: 23/33 MP: 2/7
  1926 | D:2      | Noticed Natasha
  1930 | D:2      | Killed Natasha
  2233 | D:3      | Reached XP level 5. HP: 39/39 MP: 5/8
  2370 | D:3      | Noticed Jessica
  2379 | D:3      | Killed Jessica
  2380 | D:3      | Reached skill level 1 in Short Blades
  2483 | D:3      | Found a shimmering altar of Xom.
  2492 | D:3      | Found a shimmering altar of Xom.
  2492 | D:3      | Found a shimmering altar of Xom.
  2496 | D:3      | Found a shimmering altar of Xom.
  2608 | D:3      | Reached skill level 1 in Fighting
  2609 | D:3      | Reached skill level 1 in Throwing
  2792 | D:3      | Noticed Robin
  2796 | D:3      | Killed Robin
  3021 | D:3      | Reached XP level 6. HP: 38/47 MP: 10/10
  3119 | D:3      | Found a runed translucent door.
  3120 | D:3      | Noticed Crazy Yiuf
  3260 | D:4      | Reached skill level 1 in Maces & Flails
  3260 | D:4      | Reached skill level 1 in Evocations
  3722 | D:4      | Your scales start taking on a lurid green colour.
  3722 | D:4      | Reached XP level 7. HP: 53/53 MP: 11/11
  3722 | D:4      | Gained mutation: Your system is resistant to poisons.
                  | (rPois) [Green Draconian growth]
  3799 | D:4      | Found Jeusoc's Book Shop.
  4106 | D:4      | Found a sacrificial altar of Ru.
  4270 | D:5      | Entered Level 5 of the Dungeon
  4281 | D:5      | Found Oledinn's Magic Scroll Shoppe.
  4284 | D:5      | Found a staircase to the Ecumenical Temple.
  4287 | D:5      | Bought a scroll of fear for 52 gold pieces
  4287 | D:5      | Bought a scroll of teleportation for 39 gold pieces
  4287 | D:5      | Bought a scroll of poison for 52 gold pieces
  4287 | D:5      | Bought a scroll of identify for 26 gold pieces
  4287 | D:5      | Bought a scroll of identify for 26 gold pieces
  4289 | D:5      | Noticed Edmund
  4303 | D:5      | Killed Edmund
  4318 | Temple   | Entered the Ecumenical Temple
  4364 | Temple   | Became a worshipper of Warmaster Okawaru
  4397 | D:5      | Reached skill level 1 in Invocations
  4432 | D:5      | Learned a level 3 spell: Stone Arrow
  4468 | D:5      | Identified the +0 leather armour of Ignis, Dancing {Regen+}
  4566 | D:5      | Reached XP level 8. HP: 53/62 MP: 2/12
  4762 | D:5      | Reached * piety under Okawaru
  4869 | D:6      | Noticed Maggie
  4906 | D:6      | Killed Maggie
  4906 | D:6      | Reached ** piety under Okawaru
  5101 | D:6      | Killed from afar by a white imp

Illustrated notes

Levels and vault maps discovered:
D:1:      dpeg_arrival_lava_altar, layout_basic,
          shapermc_ecumenical_altar_rom_forum
D:2:      layout_rooms, solitary_fountain, minmay_tromino_v4_a, uniq_natasha
D:3:      minmay_diamond_boxcup, layout_loops_ring, xom_redecorated,
          uniq_jessica, uniq_crazy_yiuf_cottage, uniq_robin
D:4:      layout_basic, mainiacjoe_overflow_boulevard, serial_shops, shop
D:5:      layout_rooms, minmay_temple_entry_offerings, serial_shops, shop,
          uniq_edmund
D:6:      minmay_flawed_box, layout_basic, minivault_4, uniq_maggie
Temple:   hellmonk_temple_of_storms

Skill      XL: |  1  2  3  4  5  6  7  8 |
---------------+-------------------------+-----
Dodging        | 2 3 |  3.7
Stealth        | 2 3 |  3.3
Conjurations   | 5 |  5.6
Short Blades   | 1 2 |  2.7
Fighting       | 1 2 |  2.9
Throwing       | 1 2 3 |  3.6
Maces & Flails | 1 2 |  2.6
Evocations     | 1 2 3 |  3.4
Invocations    | 1 2 |  2.9
Spellcasting   | 3 |  3.4
Earth Magic    | |  0.9

Action                     |  1- 3 |  4- 6 |  7- 9 || total
---------------------------+-------+-------+-------++-------
  Melee: Club              |    59 |       |       ||    59
         Tailslap          |    12 |    16 |     8 ||    36
         Short sword       |    32 |    34 |       ||    66
         Punch             |     1 |       |     1 ||     2
         Dagger            |       |    85 |    45 ||   130
         Whip              |       |    31 |       ||    31
         Flail             |       |       |    43 ||    43
  Throw: Stone             |       |    28 |    16 ||    44
         Dart              |       |    23 |    16 ||    39
   Cast: Magic Dart        |    38 |    17 |    10 ||    65
         Searing Ray       |     2 |     9 |     4 ||    15
         Stone Arrow       |       |       |     5 ||     5
Ability: Breathe Noxious F |       |       |    11 ||    11
   Stab: Sleeping          |       |     7 |     2 ||     9
         Distracted        |       |     1 |       ||     1
         Confused          |       |       |     3 ||     3
 Armour: Skin              |    24 |    61 |    26 ||   111
  Dodge: Dodged            |    63 |    86 |    45 ||   194
